 Dungeon Crawl Stone Soup version 0.20-a0-441-g89e74e4 (webtiles) character file.

16 M4edhros the Grave Robber (level 2, -2/17 HPs)
             Began as an Octopode Necromancer on Jan 6, 2017.
             Shot with a stone by a goblin (6 damage)
             ... on level 3 of the Dungeon.
             The game lasted 00:00:53 (206 turns).

M4edhros the Grave Robber (Octopode Necromancer)     Turns: 206, Time: 00:00:54

Health: -2/17      AC:  1    Str: 12    XL:     2   Next: 54%
Magic:  3/5        EV: 13    Int: 17    God:
Gold:   10         SH:  0    Dex: 12    Spells: 4/5 levels left

rFire  . . .     SeeInvis .       - Unarmed
rCold  . . .     Gourm    .     (no shield)
rNeg   . . .     Faith    .     (helmet restricted)
rPois  .         Spirit   .     (no amulet)
rElec  .         Reflect  .     e - +5 ring of strength
rCorr  .         Harm     .     (no ring)
MR     .....                    (no ring)
Stlth  +++.......               (no ring)
                                (no ring)
                                (no ring)
                                (no ring)
                                (no ring)

@: no status effects
A: almost no armour, stealthy swim, amphibious, 8 rings, constrict 8, camouflage
1, gelatinous body 1
a: no special abilities


You were on level 3 of the Dungeon.
You were not hungry.

You visited 1 branch of the dungeon, and saw 3 of its levels.

You collected 10 gold pieces.

Inventory:

Jewellery
 e - a +5 ring of strength (left tentacle)
Scrolls
 c - a scroll of enchant weapon {unknown}
 d - a scroll of fog {unknown}
Potions
 f - a potion of beneficial mutation {unknown}
 h - a potion of might {unknown}
Books
 a - a book of Necromancy

   Spells                             Type                      Level
   a - Pain                           Necromancy                   1
   b - Animate Skeleton               Necromancy                   1
   c - Vampiric Draining              Necromancy                   3
   d - Regeneration                   Charms/Necromancy            3
   e - Animate Dead                   Necromancy                   4
   f - Control Undead                 Necromancy                   4
Comestibles
 b - a bread ration
 g - a beef jerky
 i - a meat ration


   Skills:
 - Level 2.0 Dodging
 - Level 2.6 Stealth
 + Level 2.1 Unarmed Combat
 - Level 2.0 Spellcasting
 - Level 4.0 Necromancy


You had 4 spell levels left.
You knew the following spells:

 Your Spells              Type           Power        Failure   Level  Hunger
a - Pain                  Necr           ###.         3%          1    #......


Dungeon Overview and Level Annotations

Branches:
Dungeon (3/15)

Altars:


Innate Abilities, Weirdness & Mutations

You cannot wear most types of armour.
You are very stealthy in the water. (Stealth+)
You are amphibious.
You can wear up to eight rings at the same time.
You can use your tentacles to constrict eight enemies at once.
Your skin changes colour to match your surroundings (Stealth+).
Your rubbery body absorbs attacks. (AC +1, EV +1)


Message History

A rat and a hobgoblin come into view.
The hobgoblin shouts!
Casting: Pain
Confirm with . or Enter, or press ? or * to list all spells.
Aiming: Pain
Press: ? - help, Shift-Dir - straight line, f - hobgoblin
Aim: a hobgoblin, wielding a club (chance to defeat MR: 85%)
The hobgoblin writhes in agony!
A goblin comes into view.
Casting: Pain
Confirm with . or Enter, or press ? or * to list all spells.
Aiming: Pain
Press: ? - help, Shift-Dir - straight line, f/p - hobgoblin
Aim: a hobgoblin, wielding a club (almost dead, chance to defeat MR: 85%)
The hobgoblin writhes in agony!
You kill the hobgoblin!
The goblin shouts!
The goblin wields a hunting sling.
The goblin shoots a stone.
The stone hits you.
You die...

... . .. #.## ..
..)#### .# .r...
..#
.#####..###.#####
.................
.........@.)...#
###..#<.##g##...
#. ##.# # #.# #..
##.. ..# ... .#.#


You could see a goblin and a rat.

Vanquished Creatures
  A leopard gecko (D:1)
  2 hobgoblins
  4 jackals (D:1)
  4 kobolds
  A bat (D:1)
  2 rats (D:1)
14 creatures vanquished.

Notes
Turn   | Place    | Note
-------+----------+-------------------------------------------
     0 | D:1      | M4edhros the Octopode Necromancer began the quest for the Orb.
     0 | D:1      | Reached XP level 1. HP: 11/11 MP: 3/3
    20 | D:1      | Reached skill level 1 in Unarmed Combat
    73 | D:1      | Reached XP level 2. HP: 12/17 MP: 5/5
    99 | D:1      | nice, 5 str ring
   206 | D:3      | Shot with a stone by a goblin

Vault maps used:
D:1:      minmay_arrival_statue_studded, minmay_pentomino_p2
D:2:      lemuel_coloured_pillars_altar, minmay_liquid_box
D:3:      old_standard_altar, st_stairs_1, evilmike_ruin_ashenzari

Skill      XL: |  1  2 |
---------------+-------+-----
Unarmed Combat | 1 2 |  2.1
Dodging        | |  2.0
Stealth        | |  2.6
Spellcasting   | |  2.0
Necromancy     | |  4.0

Action                   || total
-------------------------++-------
Melee: Unarmed           ||    22
       Constrict         ||     6
       Tentacles         ||     6
 Cast: Pain              ||     5
Armor: Skin              ||     2
Dodge: Dodged            ||    16
